AoeStats
← reconquista.ad

Arena

510177459Analyzed
2v2 RM · 3d ago on Sep 29, 2026· 152m 49s· 4 players
Game mode
Random Map
Map size
Medium (4 player)
Population
200
Speed
Normal
Resources
Standard
Victory
Conquest
Starting age
Dark Age
Ending age
Imperial Age
RankedLock teamsTeams togetherTeam positionsShared explorationLock speedFull tech treeHidden civsTurbo modeCheats
Victory
Defeat
🇺🇸 Magyars · United States
1058
+15
🇺🇸 Teutons · United States
1056
+15
🇹🇷 Britons · Türkiye
1039
-15
🇹🇷 Turks · Türkiye
1027
-15
EtZeL
10:57 Feudal Age
16:40 Castle Age
15:40 Double-Bit Axe
16:15 Town Watch
16:17 Horse Collar
22:07 Forging
21:55 Pikeman
23:35 Fletching
24:17 Squires
25:55 Bodkin Arrow
26:39 Padded Archer Armor
27:10 Loom
26:57 Crossbowman
28:29 Wheelbarrow
30:19 Leather Archer Armor
30:35 Bow Saw
32:02 Ballistics
31:54 Scale Mail Armor
31:42 Gambesons
35:12 Imperial Age
33:33 Hand Cart
33:46 Chain Mail Armor
34:45 Iron Casting
34:27 Gold Mining
35:06 Arson
35:49 Heavy Plow
35:59 Halberdier
37:11 Plate Mail Armor
37:49 Two-Man Saw
37:18 Bracer
38:05 Conscription
38:07 Elite Longbowman
39:32 Ring Archer Armor
39:12 Town Patrol
39:12 Arbalester
39:13 Cranequins
42:04 Blast Furnace
42:07 Yeomen
42:24 Hoardings
42:35 Scale Barding Armor
43:58 Coinage
43:29 Caravan
43:54 Chain Barding Armor
43:48 Warwolf
43:19 Sappers
44:55 Chemistry
44:06 Masonry
44:02 Siege Engineers
45:20 Banking
46:13 Plate Barding Armor
45:28 Treadmill Crane
49:54 Guilds
52:32 Fervor
52:37 Block Printing
52:18 Herbal Medicine
52:25 Murder Holes
52:59 Husbandry
52:20 Light Cavalry
56:59 Man-at-Arms
57:55 Long Swordsman
59:37 Long Swordsman
61:49 Two-Handed Swordsman
66:52 Champion
74:34 Elite Skirmisher
79:19 Capped Ram
114:59 Onager
reconquista.ad
9:16 Feudal Age
16:08 Castle Age
15:06 Double-Bit Axe
15:49 Horse Collar
26:44 Imperial Age
25:17 Bow Saw
27:13 Scale Barding Armor
30:52 Fletching
33:45 Bodkin Arrow
36:35 Padded Archer Armor
38:14 Bloodlines
38:05 Husbandry
38:26 Chain Barding Armor
39:28 Leather Archer Armor
39:55 Heavy Plow
40:42 Plate Barding Armor
42:24 Forging
43:22 Bracer
45:39 Ring Archer Armor
49:11 Wheelbarrow
48:47 Heavy Camel Rider
49:45 Thumb Ring
50:04 Ballistics
52:11 Iron Casting
53:25 Two-Man Saw
52:47 Artillery
73:52 Blast Furnace
96:04 Capped Ram
98:39 Siege Ram
116:15 Caravan
Another Brick In The Wall
11:15 Feudal Age
12:02 Double-Bit Axe
12:27 Gold Mining
12:58 Town Watch
13:46 Horse Collar
20:58 Castle Age
20:01 Fletching
20:24 Bloodlines
21:50 Husbandry
21:58 Scale Barding Armor
22:40 Heavy Plow
26:25 Stone Mining
29:23 Bodkin Arrow
30:49 Ballistics
30:31 Padded Archer Armor
30:46 Thumb Ring
32:20 Corvinian Army
32:42 Chain Barding Armor
32:57 Bow Saw
39:49 Imperial Age
37:32 Masonry
40:51 Elite Magyar Huszar
41:35 Bracer
42:46 Heavy Cavalry Archer
43:51 Parthian Tactics
47:10 Light Cavalry
52:20 Two-Man Saw
58:18 Conscription
59:45 Recurve Bow
68:16 Elite Magyar Huszar
69:36 Bracer
76:33 Wheelbarrow
75:33 Sappers
88:00 Caravan
100:24 Plate Barding Armor
106:58 Hand Cart
106:52 Town Patrol
106:38 Loom
111:07 Hussar
127:45 Capped Ram
138:09 Murder Holes
143:26 Chemistry
143:05 Leather Archer Armor
Your Mom is an Idle Villager
12:08 Feudal Age
16:20 Castle Age
14:23 Double-Bit Axe
14:20 Horse Collar
17:35 Bow Saw
18:15 Heavy Plow
20:20 Wheelbarrow
25:16 Stone Mining
25:18 Gold Mining
25:46 Hand Cart
25:17 Loom
30:37 Imperial Age
28:55 Fletching
28:53 Crossbowman
33:52 Chemistry
34:11 Crenellations
34:16 Redemption
34:31 Block Printing
35:24 Ballistics
35:51 Cavalier
36:42 Bloodlines
36:46 Town Watch
37:02 Elite Skirmisher
37:16 Paladin
38:39 Scale Barding Armor
39:57 Chain Barding Armor
40:23 Town Patrol
42:23 Plate Barding Armor
42:45 Forging
44:18 Padded Archer Armor
46:17 Bodkin Arrow
49:27 Conscription
50:51 Siege Engineers
52:40 Leather Archer Armor
53:03 Iron Casting
54:55 Stone Shaft Mining
61:18 Masonry
75:04 Caravan
78:32 Ironclad
78:49 Hoardings
79:54 Elite Teutonic Knight
82:07 Scale Mail Armor
83:07 Blast Furnace
82:41 Squires
82:26 Arson
83:15 Ring Archer Armor
94:52 Pikeman
98:00 Chain Mail Armor
103:15 Plate Mail Armor
103:57 Two-Man Saw
103:33 Crop Rotation
143:38 Fortified Wall
145:36 Capped Ram
Connection lost

Rejoining the realm…

Still unreachable

The connection could not be restored.

Session expired

The server has moved on; the page needs a fresh start.